 Dungeon Crawl Stone Soup version 0.16.2-2-g470672f (webtiles) character file.

95 monobi the Insei (level 4, 0/31 HPs)
             Began as an Octopode Monk on Sept 3, 2015.
             Slain by a rat (2 damage)
             ... on level 3 of the Dungeon.
             The game lasted 00:02:24 (1465 turns).

monobi the Insei (Octopode Monk)                    Turns: 1465, Time: 00:02:25

Health: 0/31       AC:  1    Str: 10    XL:     4   Next: 66%
Magic:  4/4        EV: 13    Int: 17    God:
Gold:   130        SH:  0    Dex: 15    Spells: 0 memorised, 3 levels left

rFire  . . .     SeeInvis .       - Unarmed
rCold  . . .     Clarity  .     (no shield)
rNeg   . . .     SustAb   .     (helmet restricted)
rPois  .         Gourm    .     (no amulet)
rElec  .         Spirit   .     (no ring)
rCorr  .         Warding  .     (no ring)
rMut   .         Stasis   .     (no ring)
MR     .....                    (no ring)
Stlth  ++++......               (no ring)
                                (no ring)
                                (no ring)
                                (no ring)

@: brilliant, lethally poisoned (0 -> -2), not resistant to hostile
enchantments, stealthy
A: almost no armour, amphibious, 8 rings, constrict 8, camouflage 1, gelatinous
body 1
a: no special abilities


You were on level 3 of the Dungeon.
You were not hungry.

You visited 1 branch of the dungeon, and saw 3 of its levels.

You collected 130 gold pieces.

Inventory:

Scrolls
 c - 4 scrolls of teleportation {unknown}
 g - 5 scrolls of identify {unknown}
 k - 2 scrolls of remove curse {unknown}
 l - a scroll of amnesia {unknown}
 m - a scroll of magic mapping {unknown}
Potions
 a - a potion of cure mutation
 e - 2 potions of restore abilities
 i - a potion of curing {unknown}
 j - a potion of heal wounds {unknown}
 n - 2 potions of flight {unknown}
Comestibles
 b - 2 bread rations
 f - a slice of pizza


   Skills:
 - Level 3.2 Fighting
 - Level 3.3 Dodging
 + Level 4.2 Stealth
 + Level 5.0 Unarmed Combat


You had 3 spell levels left.
You didn't know any spells.

Dungeon Overview and Level Annotations

Branches:
Dungeon (3/15)

Altars:


Innate Abilities, Weirdness & Mutations

You cannot wear most types of armour.
You are amphibious.
You can wear up to eight rings at the same time.
You can use your tentacles to constrict many enemies at once.
Your skin changes colour to match your surroundings (Stealth).
Your rubbery body absorbs attacks (AC +1).


Message History

It was a potion of cure mutation.
It has a very clean taste.
You constrict the hobgoblin. The rat bites you.
* * * LOW HITPOINT WARNING * * *
The hobgoblin hits you.
* * * LOW HITPOINT WARNING * * *
Drink which item? (? for menu, Esc to quit)
You don't have any such object.
Drink which item? (? for menu, Esc to quit)
You don't have any such object.
Drink which item? (? for menu, Esc to quit)
Okay, then.
Drink which item? (? for menu, Esc to quit)
It was a potion of restore abilities.
You feel refreshed.
You constrict the hobgoblin. The rat barely misses you.
The hobgoblin barely misses you.
Drink which item? (? for menu, Esc to quit)
It was a potion of brilliance.
You feel clever all of a sudden.
You constrict the hobgoblin. The rat bites you.
You die...

.# .... ######
###...!..# .......
........ . .#####.
..##..#...##.# .#
.....#.......... .#
#..............# . .#
#..............#... .#
##....#.....gr......#
## #...[.#..?..@...# #
#.#...#.........#
##†#...#.........#
#..#...#.........#
####.....†#...........
#....†....<.........##.
..#.................#
...........[.........
....######.........


You could see a hobgoblin and a rat.

Vanquished Creatures
  A worker ant (D:3)
  2 adders (D:2)
  A worm (D:2)
  An orc (D:3)
  3 giant cockroaches (D:1)
  5 hobgoblins
  4 kobolds
  2 ball pythons
  7 bats
  2 giant geckos
  3 giant newts
  9 goblins
  4 jackals (D:1)
  5 rats
49 creatures vanquished.

Notes
Turn   | Place    | Note
--------------------------------------------------------------
     0 | D:1      | monobi, the Octopode Monk, began the quest for the Orb.
     0 | D:1      | Reached XP level 1. HP: 16/16 MP: 1/1
   138 | D:1      | Reached XP level 2. HP: 17/21 MP: 2/2
   689 | D:2      | Reached XP level 3. HP: 14/26 MP: 3/3
  1143 | D:2      | Reached XP level 4. HP: 31/31 MP: 4/4
  1444 | D:3      | Reached skill level 5 in Unarmed Combat
  1463 | D:3      | HP: 1/31 [hobgoblin (4)]
  1465 | D:3      | Slain by a rat

Action                   |  1- 3 |  4- 6 || total
-------------------------+-------+-------++-------
Melee: Unarmed           |    75 |    27 ||   102
  Use: Potion            |       |     3 ||     3
 Stab: Sleeping          |     7 |     1 ||     8
       Distracted        |     1 |       ||     1
  Eat: Meat ration       |       |     1 ||     1
